 Dungeon Crawl Stone Soup version 0.30-a0-354-g6b83867211 (webtiles) character file.

Game seed: 1927571484283614167

79195 hikkokomori the Severer (level 15, -4/199 (211) HPs)
             Began as a Minotaur Berserker on Nov 8, 2022.
             Was a High Priest of Trog.
             Slain by a naga warrior
             ... wielding a +2 flail of draining
              (8 damage)
             ... on level 2 of the Snake Pit.
             The game lasted 00:37:51 (20117 turns).

hikkokomori the Severer (Minotaur Berserker)       Turns: 20117, Time: 00:37:51

HP:   -4/199 (211)  AC: 24    Str: 27    XL:     15   Next: 20%
MP:   0/4           EV:  8    Int:  6    God:    Trog [*****.]
Gold: 1276          SH:  6    Dex: 15    Spells: 14/14 levels left

rFire   + . .      SeeInvis .    f - +4 broad axe (antimagic)
rCold   + . .      Faith    .    C - +0 buckler
rNeg    . . .      Spirit   .    F - +5 chain mail of Lifelessness {rPois Int+2 Dex+3 Slay+2}
rPois   .          Reflect  .    N - +2 hat
rElec   .          Harm     .    p - +0 cloak
rCorr   .          Rampage  .    L - +2 pair of gloves {infuse}
Will    +....                    c - +0 pair of boots
Stlth   ..........               J - amulet of regeneration
HPRegen 1.33/turn                X - ring of protection from fire
MPRegen 0.09/turn                T - ring of protection from cold

@: berserking, lethally poisoned (-4 -> -25), poison vulnerable, slowed,
constricted, drained
A: horns 2, retaliatory headbutt
a: Renounce Religion, Berserk, Trog's Hand, Brothers in Arms


You were on level 2 of the Snake Pit.
You worshipped Trog.
Trog was extremely pleased with you.
You visited 4 branches of the dungeon, and saw 20 of its levels.
You also visited: Ossuary.

You collected 2063 gold pieces.
You spent 787 gold pieces at shops.

Inventory:

Hand Weapons
 f - a +4 antimagic broad axe (weapon)
 H - a +2 vorpal hand axe
 K - a +3 broad axe of draining
Missiles
 r - 13 javelins (quivered)
 u - 9 silver javelins
 I - 3 throwing nets
Armour
 c - a +0 pair of boots (worn)
 p - a +0 cloak (worn)
 C - a +0 buckler (worn)
 D - a +3 scale mail of cold resistance
 F - the +5 chain mail of Lifelessness (worn) {rPois Int+2 Dex+3 Slay+2}
   (You bought it in a shop on level 2 of the Orcish Mines)

   Int:       It affects your intelligence (+2).
   Dex:       It affects your dexterity (+3).
   Slay:      It affects your accuracy & damage with ranged weapons and melee
   (+2).
   rPois:     It protects you from poison.
 L - a +2 pair of gloves of infusion (worn)
 N - a +2 hat (worn)
Jewellery
 s - a ring of see invisible
 J - an amulet of regeneration (around neck)
 S - a ring of fire
 T - a ring of protection from cold (right hand)
 X - a ring of protection from fire (left hand)
 Y - a ring of positive energy
Wands
 a - a wand of quicksilver (8)
 n - a wand of mindburst (9)
 o - a wand of roots (12)
 G - a wand of paralysis (10)
 R - a wand of flame (34)
Scrolls
 d - 5 scrolls of blinking
 i - 5 scrolls of teleportation
 k - 5 scrolls of fear
 m - 6 scrolls of vulnerability
 q - 4 scrolls of enchant armour
 v - a scroll of enchant weapon
 x - 4 scrolls of noise
 y - 3 scrolls of amnesia
 z - 5 scrolls of immolation
 A - 5 scrolls of poison
 B - 2 scrolls of summoning
 E - a scroll of silence
 O - 2 scrolls of butterflies
Potions
 b - 4 potions of heal wounds
 e - 3 potions of cancellation
 g - 6 potions of attraction
 h - 3 potions of invisibility
 j - 5 potions of brilliance
 l - 3 potions of flight
 t - 2 potions of lignification
 w - 9 potions of curing
 Q - 2 potions of might
 U - a potion of ambrosia {unknown}
 V - a potion of haste {unknown}
Miscellaneous
 M - a box of beasts
 Z - a condenser vane


   Skills:
 + Level 15.1 Fighting
 - Level 19.0 Axes
 + Level 12.2 Throwing
 + Level 8.0 Armour
 - Level 6.0 Dodging
 + Level 8.2 Shields
 + Level 9.0 Evocations


You had 14 spell levels left.
You didn't know any spells.
Your spell library was empty.

Dungeon Overview and Level Annotations

Branches:
Dungeon (11/15)            Temple (0/1) D:6            Lair (5/5) D:9
 Shoals (0/4) Lair:2        Snake (2/4) Lair:2        Slime (0/5) Lair:4
    Orc (2/2) D:9             Elf (0/3) Orc:2       Ossuary (visited)

Altars:
Ashenzari
Cheibriados
Trog
Yredelemnul
Jiyva

Shops:
D:3 *   Orc:2 ![[[[

Annotations:
D:3 2 transporters, purpskrrrp's ghost, amateur GnWr


Innate Abilities, Weirdness & Mutations

You have a pair of horns on your head.
You reflexively headbutt those who attack you in melee.


Message History

A red film seems to cover your vision as you go berserk!
You feel yourself moving faster!
You feel mighty!
You feel very sick.
The nagaraja's magic is no longer disrupted.
The nagaraja spits poison at you. You block the splash of poison.
The nagaraja constricts you. The naga mage barely misses you.
A naga mage comes into view. It is wielding a +0 halberd.
The salamander tyrant hits you but does no damage.
The naga warrior roars a battlecry!
The nagas go into a battle-frenzy!
The naga warrior spits poison at you. You block the splash of poison.
The naga warrior hits you with a +0 halberd!!
A guardian serpent comes into view.
The nagaraja hits you with a +0 spear! The nagaraja constricts you!
The naga mage spits poison at you. The splash of poison misses you.
The naga warrior hits you with a +2 flail of draining!!
You feel drained. The salamander tyrant hits you!
You are engulfed in flames!
You resist.
The naga warrior hits you with a +0 halberd!
* * * LOW HITPOINT WARNING * * *
You hear a shout!
You barely miss the naga mage. You headbutt the naga mage!
The naga mage is heavily wounded.
You hit the naga warrior. x2; You completely miss the nagaraja.
You hit the salamander tyrant.
The salamander tyrant's magic leaks into the air.
You feel sick.
The naga mage's magic is no longer disrupted.
The nagaraja gestures at you while chanting.
The poison arrow hits you!!!
You are more poisoned.
* * * LOW HITPOINT WARNING * * *
The nagaraja constricts you.
* * * LOW HITPOINT WARNING * * *
The naga mage barely misses you.
The naga warrior hits you with a +2 flail of draining!
You die...

####.#...≈...≈...#..#.....#..#
#.##..≈...≈..##.......##...
#..#.N≈≈S≈≈..#........# ...
##.##NN≈~≈..##......... ...
#..#.......#..........
##.##.....##.#........
#.##....S#...........
#)##...NN#.....#....#
#†)#...N@#.#........#
#......N.N..........#
#......................
#...#............###..
#.....................
#..........##....###
#.######...###..... ## #####
...#.. ######


You could see a nagaraja (strong, catching breath), 3 naga warriors, a
salamander tyrant (strong, magic disrupted), a naga ritualist (strong), 2
guardian serpents and 2 naga magi.

Vanquished Creatures
  Aizul (Snake:1)
  Harold (D:9)
  2 hydras (Lair:5)
  5 anacondas
  2 boulder beetles (Lair:5)
  2 catoblepae
  Erica (Orc:1)
  A two-headed ogre (Orc:2)
  3 naga warriors (Snake:2)
  9 orc high priests (Orc:2)
  4 death yaks (D:9)
  6 shock serpents
  5 naga sharpshooters (Snake:2)
  Urug (D:11)
  Nergalle (Lair:2)
  Sonja (D:11)
  2 naga ritualists (Snake:1)
  5 mana vipers
  A manticore (D:11)
  An orc sorcerer (Orc:2)
  7 elephants
  5 salamanders
  5 naga magi (Snake:2)
  Joseph (D:8)
  22 black mambas
  14 cane toads
  A gargoyle (D:10)
  A rime drake (Lair:5)
  10 komodo dragons
  5 polar bears
  4 hornets (Lair:5)
  2 trolls
  14 blink frogs
  9 dream sheep
  12 spriggans (Lair:5)
  A shadow (D:10)
  2 wyverns
  36 yaks
  2 vampires (D:10)
  4 basilisks
  A steam dragon (D:10)
  7 wargs
  15 nagas
  11 water moccasins
  A sky beast (D:6)
  5 orc warriors
  5 black bears
  3 ice beasts
  3 ogres
  25 wolves
  4 boggarts (Lair:5)
  4 centaurs
  3 kobold brigands (D:9)
  9 bullfrogs
  3 necrophages
  2 gnoll sergeants (D:6)
  2 scorpions
  8 wights
  10 killer bees
  4 electric eels
  2 howler monkeys
  3 centaur zombies (Ossuary)
  21 orc priests
  9 hounds
  Crazy Yiuf (D:2)
  A human zombie (Ossuary)
  2 jellies
  A gnoll bouda (D:9)
  A hell rat (Lair:3)
  4 iguanas
  Ijyb (D:3)
  Terence (D:2)
  7 orc wizards
  3 mummies (Ossuary)
  13 adders
  8 gnolls
  3 river rats (Lair:3)
  A shadow imp (D:6)
  An ufetubus (D:6)
  2 worms
  4 dart slugs
  57 orcs
  4 bats
  5 endoplasms
  A giant cockroach (D:3)
  A gnoll zombie (Ossuary)
  5 goblins
  9 hobgoblins
  4 jackals (D:5)
  13 kobolds
  5 quokkas
  4 ball pythons
  3 frilled lizards
  A goblin zombie (Ossuary)
  A hobgoblin zombie (Ossuary)
  An orc zombie (Ossuary)
  7 rats
546 creatures vanquished.

Vanquished Creatures (collateral kills)
  A wizard (D:11)
  Maggie (D:7)
  2 dream sheep (Lair:3)
  A basilisk (D:11)
  4 vampire mosquitoes (D:11)
9 creatures vanquished.

Vanquished Creatures (others)
  An orc high priest (Orc:2)
  A guardian serpent (Snake:2)
  A troll (D:11)
  An orc (Orc:2)
  11 fungi
  15 plants
30 creatures vanquished.

Grand Total: 585 creatures vanquished

Notes
Turn   | Place    | Note
-------+----------+-------------------------------------------
     0 | D:1      | hikkokomori the Minotaur Berserker began the quest for the
                  | Orb.
     0 | D:1      | Reached XP level 1. HP: 19/19 MP: 0/0
   379 | D:1      | Reached XP level 2. HP: 27/27 MP: 1/1
   840 | D:2      | Reached skill level 4 in Axes
   901 | D:2      | Reached XP level 3. HP: 31/33 MP: 2/2
   986 | D:2      | Reached ** piety under Trog
  1160 | D:2      | Noticed Terence
  1168 | D:2      | Killed Terence
  1169 | D:2      | Reached XP level 4. HP: 23/41 MP: 3/3
  1372 | D:2      | You fall into a shaft and drop 2 floors!
  1430 | D:3      | Noticed Ijyb
  1440 | D:3      | Killed Ijyb
  1441 | D:3      | Reached XP level 5. HP: 47/47 MP: 4/4
  1559 | D:2      | Found a runed translucent door.
  1560 | D:2      | Noticed Crazy Yiuf
  1567 | D:2      | Killed Crazy Yiuf
  1716 | D:3      | Found a transporter.
  1718 | D:3      | Noticed purpskrrrp's ghost (amateur GnWr)
  1973 | D:3      | Found Neuv's Assorted Antiques.
  1992 | D:3      | Reached skill level 5 in Axes
  2007 | D:3      | Bought a pair of gloves for 99 gold pieces
  2047 | D:3      | Found a transporter.
  2315 | D:4      | Reached skill level 5 in Fighting
  2315 | D:4      | Reached skill level 1 in Throwing
  2315 | D:4      | Reached XP level 6. HP: 48/56 MP: 5/5
  2700 | D:5      | Entered Level 5 of the Dungeon
  2766 | D:5      | Found a sand-covered staircase.
  2775 | Ossuary  | Entered an ossuary
  2887 | Ossuary  | Reached *** piety under Trog
  2981 | Ossuary  | Reached skill level 6 in Axes
  3138 | D:5      | Reached XP level 7. HP: 59/61 MP: 6/6
  3160 | D:5      | Reached skill level 5 in Armour
  3427 | D:5      | Reached skill level 7 in Axes
  3557 | D:5      | Found a bloodstained altar of Trog.
  4003 | D:6      | Found a staircase to the Ecumenical Temple.
  4096 | D:6      | Reached skill level 1 in Shields
  4096 | D:6      | Reached XP level 8. HP: 62/71 MP: 7/7
  4492 | D:6      | Reached **** piety under Trog
  4493 | D:6      | Reached skill level 8 in Axes
  4767 | D:6      | Reached skill level 9 in Axes
  5052 | D:6      | Found a snail-covered altar of Cheibriados.
  5321 | D:7      | Noticed Maggie
  5328 | D:7      | Killed Maggie
  5329 | D:7      | Reached XP level 9. HP: 79/79 MP: 8/8
  5608 | D:7      | Found a basalt altar of Yredelemnul.
  6006 | D:7      | Reached skill level 10 in Axes
  6296 | D:8      | Reached skill level 5 in Throwing
  6367 | D:8      | Reached skill level 5 in Shields
  6695 | D:8      | Noticed Joseph
  6718 | D:8      | Killed Joseph
  6844 | D:8      | Reached skill level 11 in Axes
  7119 | D:8      | Identified the +1 robe "Hilapsau" {rElec}
  7484 | D:8      | Found a broken altar of Ashenzari.
  7677 | D:9      | Reached XP level 10. HP: 90/90 MP: 9/9
  7846 | D:9      | Noticed a death yak
  7848 | D:9      | Noticed a death yak
  7849 | D:9      | Found a staircase to the Lair.
  7849 | D:9      | Noticed a death yak
  7849 | D:9      | Noticed a death yak
  7873 | D:9      | Killed a death yak
  7879 | D:9      | Killed a death yak
  7880 | D:9      | Reached skill level 12 in Axes
  7885 | D:9      | Killed a death yak
  7933 | D:9      | Killed a death yak
  8087 | D:9      | Found a staircase to the Orcish Mines.
  8124 | D:9      | Reached skill level 13 in Axes
  8126 | D:9      | Reached skill level 10 in Fighting
  8423 | D:10     | Entered Level 10 of the Dungeon
  8451 | D:10     | Reached XP level 11. HP: 98/99 MP: 7/10
  9009 | D:10     | Reached ***** piety under Trog
  9167 | D:10     | Reached skill level 1 in Evocations
  9426 | D:11     | Noticed Urug
  9430 | D:11     | Killed Urug
  9484 | D:11     | Noticed a wizard
  9495 | D:11     | Killed a wizard
  9530 | D:11     | Noticed Sonja
  9534 | D:11     | Killed Sonja
  9535 | D:11     | Reached skill level 14 in Axes
  9588 | Lair:1   | Entered Level 1 of the Lair of Beasts
 10312 | Lair:1   | Reached XP level 12. HP: 51/110 MP: 6/11
 10337 | Lair:1   | Reached skill level 15 in Axes
 10991 | Lair:2   | Found a staircase to the Shoals.
 11209 | Lair:2   | Found a staircase to the Snake Pit.
 11661 | Lair:2   | Noticed Nergalle
 11675 | Lair:2   | Killed Nergalle
 12090 | Lair:3   | Reached skill level 16 in Axes
 12281 | Lair:3   | Reached skill level 5 in Evocations
 12426 | Lair:3   | Noticed a catoblepas
 12512 | Lair:3   | Killed a catoblepas
 13602 | Lair:4   | Reached XP level 13. HP: 115/119 MP: 7/12
 14018 | Lair:4   | Reached skill level 17 in Axes
 14018 | Lair:4   | Reached skill level 10 in Throwing
 14279 | Lair:4   | Found a staircase to the Slime Pits.
 14284 | Lair:4   | Found a viscous altar of Jiyva.
 14720 | Lair:5   | Entered Level 5 of the Lair of Beasts
 15098 | Lair:5   | Paralysed by a hornet for 1 turns
 15420 | Lair:5   | Received a gift from Trog
 15729 | Lair:5   | Reached skill level 18 in Axes
 16620 | Orc:1    | Entered Level 1 of the Orcish Mines
 16620 | Orc:1    | Noticed Harold
 16752 | Orc:1    | Noticed Erica
 16766 | D:9      | Killed Harold
 16855 | Orc:1    | Killed Erica
 16856 | Orc:1    | Reached XP level 14. HP: 93/130 MP: 13/13
 16996 | Orc:2    | Entered Level 2 of the Orcish Mines
 17063 | Orc:2    | Found Rododgh's Antique Armour Shoppe.
 17080 | Orc:2    | Bought a runed hat for 252 gold pieces
 17351 | Orc:2    | Found Ricsonoa's Antique Armour Boutique.
 17401 | Orc:2    | Found Xuhaut's Armour Shoppe.
 17515 | Orc:2    | Received a gift from Trog
 17900 | Orc:2    | Found a staircase to the Elven Halls.
 17950 | Orc:2    | Found Carhemos's Distillery.
 17950 | Orc:2    | Found Surer's Armour Boutique.
 17964 | Orc:2    | Reached skill level 19 in Axes
 18072 | Orc:2    | Bought a potion of might for 44 gold pieces
 18072 | Orc:2    | Bought a potion of cancellation for 88 gold pieces
 18191 | Orc:2    | Bought a fading chain mail for 304 gold pieces
 18191 | Orc:2    | Identified the +5 chain mail of Lifelessness {rPois Int+2
                  | Dex+3 Slay+2} (You bought it in a shop on level 2 of the
                  | Orcish Mines)
 18311 | Snake:1  | Entered Level 1 of the Snake Pit
 18518 | Snake:1  | Noticed Aizul
 18533 | Snake:1  | Killed Aizul
 19177 | Snake:2  | Reached skill level 5 in Dodging
 19209 | Snake:2  | Received a gift from Trog
 19561 | Snake:2  | Identified the +1 robe "Naotonar" {-Cast rPois rCorr}
 19745 | Snake:2  | Reached ****** piety under Trog
 19746 | Snake:2  | Reached XP level 15. HP: 22/139 MP: 1/14
 19756 | Snake:2  | Reached skill level 15 in Fighting
 19953 | Snake:2  | HP: 1/141 [shock serpent (13)]
 20113 | Snake:2  | Noticed a nagaraja
 20117 | Snake:2  | HP: 7/199 [nagaraja/poison arrow (42)]
 20117 | Snake:2  | Slain by a naga warrior

Illustrated notes

Levels and vault maps discovered:
D:1:      roderic_crop_circles_arrival_small, layout_basic
D:2:      layout_loops_ring, serial_glass, glass_columns_a, glass_columns_a,
          hex_tiny, chequers_serial_rivers_room_b, uniq_terence,
          uniq_crazy_yiuf_cottage
D:3:      layout_rooms, gammafunk_ghost_stat_death, serial_shops,
          shop_fountains, minmay_strange_pillars, uniq_ijyb
D:4:      layout_rooms, serial_bayou_pond_c, bh_walls_and_bars
D:5:      layout_basic, trog_hazing_becter, lightli_ossuary_entry_decrepit_ruins
D:6:      minmay_polygon_palace, layout_basic, chei_slow_surprise,
          minmay_temple_entry_drinking_statues, serial_corexii_hall,
          corexii_hall_statues_i, chequers_hall_statues_wall_a,
          chequers_hall_statues_corner_a, corexii_hall_statues_x
D:7:      layout_cave_pods, amcnicky_altar_gilded, uniq_maggie
D:8:      layout_basic, general_overflow_altar, serial_corexii_hall,
          chequers_hall_statues_y, chequers_hall_statues_y,
          corexii_hall_statues_x, uniq_joseph
D:9:      layout_basic, dpeg_lair_monsters
D:10:     layout_long_grid
D:11:     layout_irregular_city, solitary_fountain, minmay_microvault,
          uniq_urug, uniq_sonja
Lair:1:   layout_gridlike, grunt_megastairs_5, lemuel_fruit_fields
Lair:2:   layout_cave_shapes, shoals_dummy_entry,
          minmay_snake_entry_guardpost_small, lemuel_fruit_fields, uniq_nergalle
Lair:3:   layout_gridlike, kennysheep_abandoned_house
Lair:4:   layout_concentric_octagons, slime_entry_1, serial_bayou_shore_a,
          infiniplex_staircase_pool, grunt_megastairs_3
Lair:5:   minmay_lair_end_enchanted_forest, layout_cave_pods, lemuel_fruit_tree
Snake:1:  layout_grid_shapes, drop_trap, uniq_aizul
Snake:2:  nicolae_cobra_stairs, layout_misc_corridors
Orc:1:    layout_caves, elf_legates, uniq_harold, uniq_josephine, uniq_erica
Orc:2:    st_orc_town, layout_caves, serial_shops, shop

Skill      XL: |  1  2  3  4  5  6  7  8  9 10 11 12 13 14 15 |
---------------+----------------------------------------------+-----
Fighting       | 4 5 6 7 8 10 11 12 13 14 15 | 15.1
Axes           | 4 5 6 7 9 11 13 14 16 18 19 | 19.0
Armour         | 3 4 5 7 8 |  8.0
Dodging        | 3 5 6 |  6.0
Throwing       | 1 2 3 4 5 7 8 9 10 12 | 12.2
Shields        | 1 3 5 7 8 |  8.2
Evocations     | 3 5 7 8 9 |  9.0

Action                   |  1- 3 |  4- 6 |  7- 9 | 10-12 | 13-15 || total
-------------------------+-------+-------+-------+-------+-------++-------
Melee: Hand axe          |    63 |   127 |   323 |    58 |       ||   571
       Headbutt          |     9 |    30 |    63 |   103 |   139 ||   344
       Punch             |       |     1 |     2 |     1 |       ||     4
       Broad axe         |       |       |       |   384 |   633 ||  1017
Throw: Javelin           |       |       |       |       |    18 ||    18
Invok: Berserk           |       |     1 |     3 |     2 |     8 ||    14
       Brothers in Arms  |       |       |     1 |     2 |       ||     3
       Trog's Hand       |       |       |       |     5 |     5 ||    10
Evoke: Wand              |       |       |       |     1 |       ||     1
  Use: Scroll            |       |     8 |     1 |     6 |    11 ||    26
       Potion            |       |       |       |     2 |    10 ||    12
 Stab: Sleeping          |     1 |       |       |       |       ||     1
       Invisible         |       |       |       |     4 |       ||     4
Armor: Animal skin       |    19 |     6 |       |       |       ||    25
       Ring mail         |       |    44 |    83 |       |       ||   127
       Steam dragon scal |       |       |    43 |    59 |       ||   102
       Scale mail        |       |       |       |   180 |   148 ||   328
       Chain mail        |       |       |       |       |   137 ||   137
Dodge: Dodged            |    41 |    65 |   151 |   226 |   260 ||   743
Block: Buckler           |       |       |       |    72 |   174 ||   246

Table legend: (Time is in decaauts)
 A = Elapsed time spent in this place.
 B = Non-inter-level travel time spent in this place.
 C = Inter-level travel time spent in this place.
 D = Time resting spent in this place.
 E = Time spent auto-exploring this place.
 F = Levels seen in this place.
 G = Mean time per level.
                   A        B        C        D        E       F      G
               +--------+--------+--------+--------+--------+-----+--------+
         Total |  20034 |  19155 |    879 |   1580 |  14140 |  21 |  954.0 |
       Dungeon |   9526 |   8933 |    593 |    661 |   6626 |  11 |  866.0 |
          Lair |   7076 |   6882 |    194 |    583 |   5337 |   5 | 1415.2 |
     Snake Pit |   1701 |   1679 |     22 |    219 |   1069 |   2 |  850.5 |
  Orcish Mines |   1398 |   1328 |     70 |    117 |    930 |   2 |  699.0 |
       Ossuary |    330 |    330 |      0 |      0 |    177 |   1 |  330.0 |
               +--------+--------+--------+--------+--------+-----+--------+

Top non-repeatable levels by time:
  Lair:5: 1796 daAuts
  Lair:3: 1750 daAuts
     D:8: 1378 daAuts
  Lair:1: 1367 daAuts
     D:6: 1320 daAuts
   Orc:2: 1223 daAuts
  Lair:4: 1135 daAuts
  Lair:2: 1027 daAuts
     D:9: 1006 daAuts
     D:7: 989 daAuts
     D:2: 982 daAuts
    D:10: 942 daAuts
 Snake:2: 854 daAuts
 Snake:1: 847 daAuts
     D:5: 832 daAuts
